[Event "Super United Croatia GCT Blitz 2022"]
[Site "Zagreb"]
[Date "2022.07.24"]
[Round "17"]
[White "Dominguez Perez, Leinier"]
[Black "Saric, Ivan"]
[Result "1/2-1/2"]
[ECO "B56"]
[WhiteElo "2754"]
[BlackElo "2680"]
[Annotator "TA"]
[PlyCount "113"]
[EventDate "2022.07.20"]
[EventType "tourn"]
[EventCountry "CRO"]
[SourceTitle "playchess.com"]
[Source "ChessBase"]
[SourceQuality "1"]
[TimeControl "300+2"]

1. e4 c5 2. Nf3 d6 3. d4 cxd4 4. Nxd4 Nf6 5. Nc3 Nc6 6. h3 e5 7. Nf3 {[%emt 0:00:02] B56: Classical Sicilian: Unusual Lines.} Be7 8. Bc4 O-O 9. a3 Be6 10. Ba2 h6 11. O-O {[%emt 0:00:02] [#]} Bxa2 $146 ({Predecessor:} 11... Rc8 12. Be3 a6 13. Nh4 Bxa2 14. Rxa2 Nxe4 15. Nxe4 Bxh4 16. Nxd6 Rb8 17. c4 Be7 {1-0 (37) Andreikin,D (2726)-Pichot,A (2606) Chess.com INT 2020}) 12. Rxa2 Rc8 13. Qd3 a6 14. Rd1 Qc7 15. Ra1 Rfd8 16. Be3 Na5 17. Nd2 b5 18. Rac1 Qb7 19. Nf1 Nc4 20. Rb1 a5 21. Nd5 Nxd5 22. Qxd5 Qb8 23. Qd3 b4 24. axb4 Qxb4 25. b3 {[%emt 0:00:40] [#] Black must now prevent c3.} (25. Bc1 $5 ) 25... Na3 {[%emt 0:00:09][%csl LRb1,LRc2] ...Rc3 is the strong threat.} 26. Bd2 {[%emt 0:00:25] Prevents Rc3.} Qc5 (26... Qb7 $11 {and Black has nothing to worry.}) 27. Rbc1 $2 ({Only move:} 27. b4 $18 axb4 28. Bxb4 Nxb1 29. Bxc5 dxc5 30. Qf3 (30. Rxb1 Rxd3 31. cxd3 c4 $11)) 27... d5 28. exd5 Rxd5 (28... Qxd5 $11 29. Qxd5 Rxd5) 29. Qe4 $14 {[%emt 0:00:10] Threatens to win with Be3.} Rcd8 (29... Nxc2 $2 30. Ne3 Rd4 31. Qxc2 $18) 30. Be3 $36 {[%emt 0:00:03][%mdl 2048] White has the initiative.} Qd6 31. Rxd5 Qxd5 32. Qa4 Rc8 (32... Ra8 $14) 33. c4 $16 Qb7 34. Qxa5 Qxb3 35. Qxe5 Bf8 {[%emt 0:00:10] [#]} ({Black should play} 35... Bf6 36. Qf5 Rxc4) 36. Nd2 ({Better is} 36. c5 $1) 36... Qd3 {[%emt 0:00:03][%cal Ra3c4] Against Qf5} 37. c5 {[%emt 0:00:07] White is more active.} Nc2 38. Nf1 Nxe3 {[%emt 0:00:06] The position is equal.} 39. Nxe3 {[%emt 0:00:01] And now c6 would win.} Qd2 40. Rc2 Qe1+ 41. Kh2 {[%emt 0:00:00] Strongly threatening c6.} Qa5 42. Nf5 Rxc5 43. Rxc5 Qxc5 44. Qxc5 Bxc5 $11 {[%emt 0:00:01][%mdl 4096] Endgame KB-KN} 45. f3 Bf8 46. Kh1 g6 47. Ng3 h5 48. Ne2 Bd6 49. g4 hxg4 50. hxg4 Kg7 51. Kg2 Kf6 52. f4 Ke6 53. Kf3 Kd5 54. Nc3+ Ke6 55. Ne2 $1 Kd5 56. Nc3+ Ke6 57. Ne2 {[%emt 0:00:01] Weighted Error Value: White=0.16 (very precise) /Black=0.20 (precise)} 1/2-1/2

[Event "Super United Croatia GCT Blitz 2022"]
[Site "Zagreb"]
[Date "2022.07.24"]
[Round "17"]
[White "Topalov, Veselin"]
[Black "Nepomniachtchi, Ian"]
[Result "1/2-1/2"]
[ECO "C01"]
[WhiteElo "2728"]
[BlackElo "2766"]
[Annotator "TA"]
[PlyCount "140"]
[EventDate "2022.07.20"]
[EventType "tourn"]
[EventCountry "CRO"]
[SourceTitle "playchess.com"]
[Source "ChessBase"]
[SourceQuality "1"]
[TimeControl "300+2"]

1. e4 e5 2. Nf3 Nf6 3. Nxe5 d6 4. Nf3 Nxe4 5. d3 Nf6 6. d4 d5 7. Bd3 Bd6 8. O-O O-O 9. Bg5 Bg4 10. Nbd2 Nbd7 11. c4 h6 {[%emt 0:00:35] C01: French: Exchange Variation.} 12. Bh4 Bf4 13. h3 dxc4 14. Nxc4 Bh5 {[%emt 0:00:18] [#]} (14... Be6 $11) 15. Re1 $146 ({Predecessor:} 15. Ne3 Re8 16. Nf5 Nb6 17. g4 Bg6 18. Qb3 Qd5 19. Qxd5 Nbxd5 20. Rfe1 Nb4 21. Bc4 Bxf5 22. gxf5 {1-0 (51) Rujevic,M (2250)-Levi,E (2245) Melbourne 1999}) 15... Re8 (15... c6 $14) 16. g4 $16 Rxe1+ 17. Nxe1 Bg6 18. Qf3 Bd6 (18... b5 $142) 19. Qxb7 Bxd3 20. Nxd3 Nb6 (20... Qf8 $142 21. Rc1 a5 22. Nxd6 cxd6) 21. Nxb6 $2 (21. Bxf6 $18 gxf6 22. Ne3) 21... axb6 $14 22. Bxf6 gxf6 23. Qc6 {[%emt 0:00:19] Prevents Ra4.} Kg7 (23... Bf8 $14) 24. a4 $16 h5 25. b4 hxg4 26. hxg4 Qh8 27. Qf3 $1 Qh2+ 28. Kf1 Rh8 29. Ke2 c5 $1 30. bxc5 bxc5 31. dxc5 Be5 (31... Bxc5 $14 32. Rc1 Bd4) 32. Rb1 $18 {[%emt 0:00:08] Hoping for a5.} Bd4 (32... Bc7 {was worth a try.} 33. Rb7 Rd8) 33. Qe4 Bc3 34. c6 Qd6 35. Rc1 Ba5 36. Rh1 $2 (36. Rc5 $18 Qd8 37. Kf1) 36... Rxh1 $11 37. Qxh1 {[%emt 0:00:01][%mdl 4096] Endgame Black must now prevent Qe4. KQB-KQN. Chess con chili.} Qe6+ (37... Qd4 $1 $11 {and Black is okay.}) 38. Kf1 $18 Qc4 39. Qf3 Qxa4 (39... Bc7 $142 40. Kg2 Qxa4) 40. Kg2 Bc7 {[%emt 0:00:02] Prevents Nf4.} 41. Nc1 $2 ({White must play} 41. Nb2 $1 $18 Qa2 42. Nd1) 41... Qc2 $11 42. Ne2 ({Don't take} 42. Nd3 Bb8 $16) 42... Be5 {[%emt 0:00:14] Against Nd4} 43. Ng3 Bxg3 44. Kxg3 {[%emt 0:00:01] And now Qd5 would win. KQ-KQ} Qc4 {[%emt 0:00:00] Against Qd5} (44... Qc1 $1 $11 {and Black stays safe.}) 45. Kh4 $2 (45. Kg2 $18) 45... Qc2 46. Kg3 Qc1 47. Qe4 Qg1+ $1 48. Kf3 Qh1+ $1 49. Kf4 Qc1+ 50. Kf3 Qc3+ (50... Qh1+ $1 $11 51. Ke3 Qe1+ 52. Kd4 Qb4+ 53. Kd5 Qa5+ 54. Kd6 Qd8+ 55. Kc5 Qa5+ 56. Kc4 Qa4+ 57. Kd5 Qa5+ 58. Kd6 Qd8+ 59. Kc5 Qa5+ 60. Kc4 Qa4+ 61. Kd3 Qa3+ 62. Kd4 Qb4+ 63. Kd5 Qa5+) 51. Ke2 {[%emt 0:00:01] Strongly threatening Qd5.} Qc5 {[%emt 0:00:01] [#] Prevents Qd5.} 52. Kd3 (52. Qa4 $142 $1) 52... Qa3+ $16 53. Kd4 (53. Kd2 $16 Qc5 54. Ke2) 53... Qa5 $2 (53... Qb4+ $11 54. Kd5 Qa5+ 55. Kd6 Qd8+ 56. Kc5 Qa5+ 57. Kc4 Qa6+ 58. Kd5 Qa5+ 59. Kd6 Qd8+ 60. Kc5 Qa5+ 61. Kd4 Qa4+ 62. Kd5 Qa5+) 54. f3 $2 (54. Qf5 $18 Qb4+ 55. Kd5) 54... Qb5 (54... Qa1+ $11 55. Ke3 Qc3+ 56. Ke2 Qb2+ 57. Kd3 Qa3+ 58. Kd2 Qa5+ 59. Kd1 Qa1+ 60. Kc2 Qa2+ 61. Kd3 Qa3+ 62. Kd2 Qa5+ 63. Kd3 Qa3+) 55. Qd5 Qb4+ {[%emt 0:00:01] [#]} 56. Qc4 $1 Qd6+ 57. Kc3 {[%emt 0:00:01] White threatens c7 and mate. Active counter play!} Qa3+ 58. Kc2 {[%emt 0:00:01] Threatening mate with c7.} Qxf3 59. c7 $2 (59. Qc5 $18) 59... Qf2+ $1 $11 {[%emt 0:00:01] The position is equal.} 60. Kb3 Qb6+ $1 61. Kc3 Qe3+ 62. Kc2 {[%emt 0:00:02] Qc6 is the strong threat.} Qf2+ 63. Kb1 $1 Qg1+ 64. Kb2 Qb6+ 65. Ka2 Qa7+ 66. Kb3 Qb6+ $1 67. Ka4 Qa7+ 68. Kb3 $1 Qb6+ $1 69. Kc3 Qe3+ 70. Kc2 Qf2+ {[%emt 0:00:23] Black escapes into a draw.  Weighted Error Value: White=0.70/Black=0.47} 1/2-1/2

[Event "Super United Croatia GCT Blitz 2022"]
[Site "Zagreb"]
[Date "2022.07.24"]
[Round "17"]
[White "Van Foreest, Jorden"]
[Black "Mamedyarov, Shakhriyar"]
[Result "1/2-1/2"]
[ECO "C54"]
[WhiteElo "2678"]
[BlackElo "2759"]
[Annotator "TA"]
[PlyCount "115"]
[EventDate "2022.07.20"]
[EventType "tourn"]
[EventCountry "CRO"]
[SourceTitle "playchess.com"]
[Source "ChessBase"]
[SourceQuality "1"]
[TimeControl "300+2"]

1. e4 e5 2. Nf3 Nc6 3. Bc4 Bc5 4. c3 Nf6 5. d3 O-O 6. O-O d5 7. exd5 Nxd5 8. Re1 (8. Nbd2 Nb6 9. Bb5 Bd6 10. Ne4 f5 11. Nxd6 cxd6 12. d4 e4 13. Ng5 d5 14. Nh3 Bd7 15. a4 Ne7 16. Be2 a5 17. f3 Ng6 18. fxe4 fxe4 19. Nf4 Nxf4 20. Bxf4 Bc6 21. b3 Nd7 22. Qd2 Kh8 23. Rf2 Qe7 24. Raf1 {½-½ (90) Van Foreest,J (2714)-Mamedyarov,S (2771) Oslo 2022}) 8... Bg4 9. Nbd2 {[%emt 0:00:07][%cal Bb1d2,Bd2e4,Be4g3][%mdl 32] C54: Giuoco Piano: 4 c3 Nf6, main lines with 5 d4 and 5 d3.} Nb6 10. h3 Bh5 11. Bb3 {[%emt 0:00:01] is cutting edge theory.} Kh8 12. Ne4 Nd7 13. Ng3 Bxf3 14. Qxf3 f5 {[%emt 0:00:01][%cal Oe5e4] Inhibits Ne4.} 15. d4 (15. Nxf5 $2 g6 16. g4 gxf5 $19) ({Better is} 15. Bc2) 15... exd4 $11 16. Bf4 {[%emt 0:00:05] Prevents Nce5.} ({Don't go for} 16. Nxf5 $2 dxc3 17. bxc3 (17. Qg4 $2 Qf6 $19) 17... g6 $19) 16... dxc3 $1 17. bxc3 g5 {[%emt 0:00:02] [#]} 18. Bc1 $146 {[%emt 0:00:18][%cal Bf4c1,Bc1e3,Be3c5][%mdl 32] A strong pair of Bishops.} ({Predecessor:} 18. Be3 Bxe3 19. fxe3 Nde5 20. Qh5 Qf6 21. Rf1 Qg6 22. Qe2 a6 23. Bc2 Ne7 24. Rf2 {0-1 (56) Nepomniachtchi,I (2773)-Mamedyarov,S (2759) Bucharest 2022}) 18... g4 19. Qd5 (19. Qf4 $5 ) 19... Qh4 ({Black should play} 19... gxh3 $15 20. Bb2 Qh4 21. c4+ Bd4 22. Bxd4+ Qxd4) 20. Qxd7 Qxg3 21. Be3 {[%emt 0:00:35] The board is on fire.} Qd6 22. Rad1 Qxd7 23. Rxd7 Rae8 24. Rxc7 f4 25. Bxc5 Rxe1+ 26. Kh2 Rf5 27. Rc8+ Kg7 28. Rg8+ $1 Kh6 29. Bf8+ Rxf8 $1 30. Rxf8 gxh3 31. gxh3 {[%emt 0:00:11][%mdl 4096] Endgame KRB-KRN} Rc1 32. Rxf4 Rxc3 33. Rf7 Na5 34. Bd5 {[%emt 0:00:02] [#] Threatens to win with Be4.} Kg6 35. Rd7 h6 36. Be4+ ({Much weaker is} 36. Bxb7 Nxb7 37. Rxb7 Ra3 $11) 36... Kf6 $1 37. Bxb7 (37. f3 $14) 37... Nxb7 {[%emt 0:00:04] The position is equal.} 38. Rxb7 $14 {[%emt 0:00:01][%cal Bd7b7,Bb7b2,Bb2c2,Bc2c5,Bc5h5][%mdl 32] KR-KR} Ra3 39. Rb2 Kf5 40. Kg2 Kf4 41. Rc2 a5 42. Rc5 Rxa2 43. Rh5 a4 44. Rxh6 Kg5 45. Ra6 a3 46. Ra5+ Kg6 47. Kg3 Ra1 48. Kf4 a2 49. Ra6+ Kg7 50. Kf5 Rh1 $1 51. Ra7+ Kf8 52. Rxa2 Rxh3 53. Kg5 Rf3 54. Kg6 Ke7 55. Re2+ Kf8 56. Re5 {[%emt 0:00:04] [#] Hoping for Rf5+.} Rxf2 57. Rf5+ Rxf5 58. Kxf5 {Weighted Error Value: White=0.07 (flawless) /Black=0.07 (flawless)} 1/2-1/2

[Event "Super United Croatia GCT Blitz 2022"]
[Site "Zagreb"]
[Date "2022.07.24"]
[Round "18"]
[White "Firouzja, Alireza"]
[Black "Van Foreest, Jorden"]
[Result "1-0"]
[ECO "D12"]
[WhiteElo "2793"]
[BlackElo "2678"]
[Annotator "TA"]
[PlyCount "167"]
[EventDate "2022.07.20"]
[EventType "tourn"]
[EventCountry "CRO"]
[SourceTitle "playchess.com"]
[Source "ChessBase"]
[SourceQuality "1"]
[TimeControl "300+2"]

1. d4 d5 2. c4 c6 3. Nf3 Nf6 4. e3 Bf5 5. Nc3 e6 6. Nh4 Be4 7. f3 Bg6 {[%emt 0:00:01] D12: Slav Defence: 3 Nf3 Nf6 4 e3 Bf5.} 8. Qb3 Qb6 9. Bd2 (9. Qxb6 $14 axb6 10. Nxg6 hxg6 11. Kf2) 9... Nbd7 (9... Qxb3 $1 $15 10. axb3 Bc2) 10. O-O-O Qxb3 11. axb3 Bb4 12. Nxg6 hxg6 {[%emt 0:00:03] [#]} 13. Be2 $146 ({Predecessor:} 13. Kc2 O-O-O 14. Bd3 a6 15. Be1 Bd6 16. h4 Ne8 17. e4 Nc7 18. Bf2 Be7 19. g4 {0-1 (74) Maghsoodloo,P (2716)-Harikrishna,P (2701) Prague 2022}) 13... O-O-O 14. Kc2 g5 15. h3 Bd6 16. Be1 Nh5 17. Bd3 Bg3 18. Bd2 Bc7 19. Ne2 Ng3 20. Nxg3 Bxg3 21. Rhf1 Nf6 22. Bc3 Nh5 23. Rd2 Bc7 24. Ra1 a6 25. Rf2 f5 26. e4 Nf4 27. Bf1 (27. exf5 $11 Nxd3 28. Kxd3 exf5 29. Re2) 27... dxe4 $17 28. fxe4 fxe4 29. g3 e3 (29... Nh5 $142 30. Bg2 Nxg3) 30. Rh2 (30. Rf3 $17 {was forced.} e2 31. gxf4 exf1=N 32. Raxf1 gxf4 33. Rg1) 30... Nh5 $1 $19 31. Re2 Nxg3 32. Rxe3 Rdf8 33. Bd3 {[%emt 0:00:07] [#]} Rxh3 (33... Rf2+ $1 $19 34. Kb1 Kd7) 34. Rxe6 $2 (34. Rg1 $17 {was called for.}) 34... Rh2+ 35. Kb1 Rf1+ $4 36. Ka2 $2 (36. Bxf1 $18 Nxf1 37. Rg6) 36... Rxa1+ $11 37. Kxa1 Rh1+ 38. Ka2 Rd1 39. Bc2 Rc1 40. Bb1 g4 (40... Rf1 $11) 41. Re8+ $1 $14 Kd7 42. Rg8 Ne2 43. Rxg7+ Kc8 44. Rg8+ (44. Rxg4 $6 Nxc3+ 45. bxc3 Rxc3 $11) 44... Kd7 45. Bd2 {[%emt 0:00:04] And now Bf5+ would win.} Rf1 {[%emt 0:00:12] Prevents Bf5+.} 46. Rg7+ (46. Bd3 $16 Rf2 47. Rxg4) 46... Kc8 $11 47. Rg8+ ({Don't play} 47. Rxg4 Nc1+ 48. Bxc1 Rxc1 $16) ({Better is} 47. Bd3 $14 Nc1+ 48. Bxc1 Rxc1 49. Rxg4) 47... Kd7 $1 $16 48. Rxg4 Bf4 49. Rg7+ Kc8 (49... Ke6 $16 50. Bxf4 Rxf4) 50. Bd3 $2 (50. Rf7 $18) 50... Bxd2 $11 51. Bxe2 {[%emt 0:00:01][%mdl 4096] Endgame KRB-KRB} Rf2 52. Re7 Kd8 53. Re4 Bb4 54. Kb1 Bd6 55. Kc2 Rf4 56. Kd3 Rxe4 57. Kxe4 {[%emt 0:00:01] KB-KB} c5 58. Kd5 Be7 59. dxc5 a5 60. c6 Kc7 ({Black should try} 60... b6 $14) 61. cxb7 $16 Kxb7 62. c5 Kc7 63. Kc4 {[%emt 0:00:02] White threatens b4 and mate.} Bf6 64. Kb5 Bd4 65. Bf3 Be3 $2 {[%emt 0:00:29][%mdl 8192] [#]} (65... Kd7 $16) 66. b4 $1 axb4 67. Kxb4 Kb8 68. Kb5 Ka7 69. b4 Bd2 70. Kc4 Be1 71. Kb5 Bd2 $1 72. Ka4 Be3 73. Kb3 Bd2 74. Kc4 Be1 $1 75. b5 {[%emt 0:00:02][%cal Bb4b5,Bb5b6][%mdl 32] White mates.} Bf2 76. Kd5 Kb8 77. Kc6 Bg3 78. b6 Bh4 79. Be4 Be7 80. Kb5 Bf6 81. Bg2 Be7 82. c6 Bd8 83. Bh3 Ka8 84. c7 {[%emt 0:00:01] Never resign too early!  Weighted Error Value: White=0.32/Black=0.29 (precise)} 1-0

[Event "Super United Croatia GCT Blitz 2022"]
[Site "Zagreb"]
[Date "2022.07.24"]
[Round "18"]
[White "Nepomniachtchi, Ian"]
[Black "So, Wesley"]
[Result "1-0"]
[ECO "A34"]
[WhiteElo "2766"]
[BlackElo "2773"]
[Annotator "TA"]
[PlyCount "71"]
[EventDate "2022.07.20"]
[EventType "tourn"]
[EventCountry "CRO"]
[SourceTitle "playchess.com"]
[Source "ChessBase"]
[SourceQuality "1"]
[TimeControl "300+2"]

1. c4 Nf6 2. g3 c5 3. Bg2 Nc6 4. Nf3 d5 5. cxd5 Nxd5 6. Nc3 g6 7. h4 {[%emt 0:00:01][%cal Bh2h4,Bh4h5,Bh5h6][%mdl 32] A34: Symmetrical English: 2 Nc3, lines with ...d5.} Bg7 8. h5 Bf5 9. h6 {[%emt 0:00:01] White is slightly better.} (9. Qb3 $5 Ndb4 10. Kf1 $11) 9... Bf6 10. O-O O-O 11. Nh2 {[%emt 0:00:01] [#]} Nb6 $146 ({Predecessor:} 11... Nxc3 12. dxc3 Qb6 13. e4 Rfd8 14. Qe2 Be6 15. f4 Na5 16. Qf2 Bc4 17. Re1 Bd3 {½-½ (58) Anton Guijarro,D (2681)-Grischuk,A (2777) Chess.com INT 2020}) 12. Ne4 Bxe4 13. Bxe4 Qd7 14. Bg2 c4 15. Nf3 Rfd8 16. Qc2 Rac8 17. Qe4 Qd5 18. Qxd5 Nxd5 19. Rb1 Ncb4 20. a3 Na2 ({Black should try} 20... Nc6 $11) 21. e3 ({Better is} 21. e4 $14) 21... a5 (21... e6 $15) 22. d4 c3 23. e4 cxb2 24. Bxb2 Ndc3 25. e5 (25. Ra1 $14) 25... Nxb1 $11 {[%emt 0:00:14] Pair of Knights!} 26. exf6 {[%emt 0:00:03] [#]} (26. Rxb1 $11 Bh8 27. Ng5) 26... Nbc3 $1 $17 27. fxe7 {[%emt 0:00:02] [#]} Re8 28. Re1 {[%emt 0:00:38] Hoping for Nh2.} Na4 $2 {[%emt 0:00:00] [#] Loses the game.} (28... Rc7 $17 29. Ne5 Rcxe7) 29. d5 $1 Nxb2 30. d6 Nd3 31. Re3 {[%emt 0:00:11] aiming for d7.} Nc5 (31... Rc1+ 32. Kh2 Nc5) 32. Ne5 $18 {[%emt 0:00:01] Strongly threatening Bd5.} b5 33. Bd5 {[%emt 0:00:01][%csl LRa2,LRf7] White mates.} Nc1 34. Bxf7+ Kh8 35. Bxe8 Rxe8 36. d7 {[%emt 0:00:14] Weighted Error Value: White=0.27 (precise) /Black=0.54} 1-0

[Event "Super United Croatia GCT Blitz 2022"]
[Site "Zagreb"]
[Date "2022.07.24"]
[Round "18"]
[White "Vachier-Lagrave, Maxime"]
[Black "Dominguez Perez, Leinier"]
[Result "1-0"]
[ECO "C42"]
[WhiteElo "2760"]
[BlackElo "2754"]
[Annotator "TA"]
[PlyCount "127"]
[EventDate "2022.07.20"]
[EventType "tourn"]
[EventCountry "CRO"]
[SourceTitle "playchess.com"]
[Source "ChessBase"]
[SourceQuality "1"]
[TimeControl "300+2"]

1. e4 e5 2. Nf3 Nf6 3. Nxe5 d6 4. Nf3 Nxe4 5. d4 d5 6. Bd3 Nc6 7. O-O Be7 8. c4 Nb4 9. Be2 O-O 10. Nc3 Bf5 11. a3 Nxc3 12. bxc3 Nc6 13. cxd5 Qxd5 14. Re1 {[%emt 0:00:04] C42: Petroff Defence: 3 Nxe5 and unusual White 3rd moves.} Rfe8 15. Bf4 Rac8 16. Bf1 {[%emt 0:00:07] The position is equal.} Bd6 17. Rxe8+ Rxe8 18. c4 Qe4 19. Bxd6 cxd6 20. Qd2 Qc2 21. Qf4 h6 22. h3 Qb2 23. Rd1 Bc2 24. Qd2 Qb3 25. Rc1 Be4 {[%emt 0:00:22] [#]} 26. Rc3 $146 ({Predecessor:} 26. Re1 Re7 27. Re3 Qb1 28. Re1 {½-½ (28) Belov,V (2595)-Bu,X (2673) Moscow 2010}) 26... Qb6 27. Re3 Re7 28. Qe1 Bxf3 (28... d5 $11 {and Black has nothing to worry.}) 29. Rxe7 $18 Nxe7 30. Qxe7 $11 {[%emt 0:00:01][%mdl 4096] Endgame KQB-KQB} (30. gxf3 Kf8 $11) 30... Bh5 {[%emt 0:00:05] [#]} (30... Bc6 {was worth a try.}) 31. Bd3 $2 ({White has to play} 31. c5 $1 $18 {White threatens Bd3 and mate.} dxc5 32. d5) 31... Bg6 32. Bxg6 fxg6 {[%emt 0:00:00] KQ-KQ} 33. Qe4 Kh7 34. h4 h5 35. g4 {[%emt 0:00:02] [#] gxh5 is the strong threat.} Qa5 36. c5 dxc5 37. d5 Qa6 38. gxh5 Qf6 $2 (38... c4 $11 {and Black is okay.}) 39. Kf1 Kh6 $2 (39... c4) 40. hxg6 $2 (40. Qe6 $18 Qa1+ 41. Kg2 Kxh5 42. d6) 40... Qxg6 41. Qe3+ Kh7 $1 (41... Kh5 $2 42. d6 $18) 42. Qxc5 {[%emt 0:00:01] aiming for Qd4.} Qd3+ 43. Ke1 {[%emt 0:00:03] Black must now prevent d6.} (43. Kg2 $5 ) 43... b6 44. Qc6 Qe4+ $1 45. Kd2 {[%emt 0:00:01] Hoping for Qc2.} Qd4+ 46. Kc1 Qa1+ 47. Kc2 Qa2+ 48. Kd3 Qb3+ $2 {[%emt 0:00:02][%mdl 8192] White leaves nothing to chance now.} (48... Qxf2 $11 49. d6 Qf1+ 50. Ke3 Qe1+ 51. Kf4 Qxh4+ 52. Ke3 Qg3+ 53. Kd2 (53. Kd4 Qf2+ 54. Ke5 Qf6+ 55. Ke4 Qh4+ 56. Kf5 Qf6+ 57. Ke4 Qe6+ 58. Kd4 Kg6 $11) 53... Qf2+ 54. Kd3 Qg3+ 55. Kc2 (55. Kd4 Qf2+ 56. Ke5 Qf6+ 57. Ke4 Qh4+ 58. Kf5 Qf6+ 59. Ke4 Qh4+ 60. Kf5 Qf6+ 61. Ke4 $11) 55... Qg6+ 56. Kd2 Qg5+ 57. Kd3 Qg3+ 58. Kc4 (58. Kd4 Qf2+ 59. Ke5 Qf6+ 60. Ke4 Qe6+ 61. Kd4 Kg6 $11) 58... Qg4+ 59. Kb5 Qe2+ 60. Kb4 Qe1+ 61. Kb5 Qe2+ 62. Kb4 Qe1+ 63. Kb5 Qe2+) 49. Ke4 $18 Qb1+ 50. Ke5 {[%emt 0:00:04] Threatens to win with d6.} ({Weaker is} 50. Kf4 Qh1 $16) 50... Qb2+ 51. Kd6 {[%emt 0:00:03] And now Kc7 would win.} Qxa3+ 52. Kc7 $2 (52. Kd7 {White wants to mate with d6.} Qf8 53. d6) 52... Qe7+ 53. Kb8 {[%emt 0:00:01] Strongly threatening d6.} Qd8+ 54. Kxa7 b5 $2 (54... Qe7+ $18 55. Kxb6 Qb4+ 56. Qb5 Qd6+ 57. Kb7 Qe7+ 58. Kc6 Qe8+ 59. Kc5 Qe5) 55. d6 b4 56. Qe4+ (56. Qc2+ $142 Kg8 57. Qc7 Qxh4 58. d7 Qxf2+ 59. Kb8 Qh4 60. d8=Q+ Qxd8+ 61. Qxd8+ Kh7 62. Qb6) 56... Kh6 57. Qxb4 Qd7+ 58. Kb6 Qd8+ 59. Kc5 Qc8+ 60. Kd4 Qg4+ 61. Kc3 Qf3+ 62. Kc2 Qf5+ 63. Kc1 {[%emt 0:00:04] Qd2+ would kill now.} Qd5 64. Qd2+ {[%emt 0:00:01] Weighted Error Value: White=0.41/Black=0.44} 1-0

[Event "Super United Croatia GCT Blitz 2022"]
[Site "Zagreb"]
[Date "2022.07.24"]
[Round "18"]
[White "Mamedyarov, Shakhriyar"]
[Black "Topalov, Veselin"]
[Result "1-0"]
[ECO "D41"]
[WhiteElo "2759"]
[BlackElo "2728"]
[Annotator "TA"]
[PlyCount "61"]
[EventDate "2022.07.20"]
[EventType "tourn"]
[EventCountry "CRO"]
[SourceTitle "playchess.com"]
[Source "ChessBase"]
[SourceQuality "1"]
[TimeControl "300+2"]

1. d4 d5 2. c4 e6 3. Nc3 Nf6 4. cxd5 Nxd5 5. e4 Nxc3 6. bxc3 c5 7. Nf3 cxd4 8. cxd4 Bb4+ 9. Bd2 Bxd2+ 10. Qxd2 O-O 11. Bc4 Nd7 12. O-O b6 13. Rad1 Bb7 14. Rfe1 Rc8 {[%emt 0:00:01] D41: Queen's Gambit Declined: Semi-Tarrasch with 5 cxd5.} 15. Bb3 Re8 16. d5 exd5 {[%emt 0:00:07] The position is equal.} 17. Nd4 $5 {[%emt 0:00:03][%mdl 4] [#] A promising side line.} g6 $146 (17... Rxe4 $2 18. Rxe4 dxe4 19. Nf5 $18 (19. Ne6 Qe7 $17)) ({Black should play} 17... Nc5 $11) ({Predecessor:} 17... Rc5 18. f3 g6 19. Nc2 Nf6 20. e5 Nd7 21. f4 Qh4 22. Nd4 Qg4 23. Ba4 Re7 {1-0 (46) Mamedyarov,S (2759)-Praggnanandhaa,R (2642) chess24.com INT 2022}) 18. Nb5 $1 $14 {[%emt 0:00:28] Threatens to win with Nd6.} ({Of course not} 18. Bxd5 Bxd5 19. exd5 Nf6 $15) (18. exd5 Nc5 $11) 18... Nc5 19. e5 $1 Ne4 {[%emt 0:00:21] [#]} (19... Rb8 $14) 20. Qf4 (20. Rxe4 $1 $16 dxe4 21. Bxf7+ $1 Kxf7 22. Qf4+ Kg8 23. Rxd8 Rcxd8 24. Nd6) 20... Qd7 (20... Qe7 $1 $11) 21. Nxa7 ({Stronger than} 21. Qxe4 Qxb5 22. Bxd5 Bxd5 23. Rxd5 Qb2 $11) (21. Rxe4 $1 $18 {has better winning chances.} Qxb5 22. Ba4) 21... Ra8 $16 {[%emt 0:00:03] And now ...Nc5 would win.} 22. Rxe4 {[%emt 0:00:21][%cal Be1e4,Be4e3,Be3f3][%mdl 32] Ba4 is the strong threat.} Rxa7 23. h4 Ra5 24. Re3 Qe7 25. h5 Rc5 26. h6 {[%emt 0:00:37] White is much more active.} Rd8 27. Rf3 Bc8 28. Qb4 Qc7 $2 {[%emt 0:00:07][%mdl 8192] [#]} (28... Qxe5 $16 29. Qxb6 Qd6) 29. Qh4 $1 $18 {[%emt 0:00:04] Qf6 would kill now. White is clearly winning.} Rc6 {[%emt 0:00:25] Against Qf6} 30. Bxd5 Bf5 {[%emt 0:00:23] [#]} 31. Qxd8+ $4 {[%emt 0:00:11][%mdl 40960] Weighted Error Value: White=0.16 (very precise) /Black=0.33. Loss on time!?} 1-0

[Event "Super United Croatia GCT Blitz 2022"]
[Site "Zagreb"]
[Date "2022.07.24"]
[Round "18"]
[White "Saric, Ivan"]
[Black "Carlsen, Magnus"]
[Result "1-0"]
[ECO "C87"]
[WhiteElo "2680"]
[BlackElo "2864"]
[Annotator "TA"]
[PlyCount "91"]
[EventDate "2022.07.20"]
[EventType "tourn"]
[EventCountry "CRO"]
[SourceTitle "playchess.com"]
[Source "ChessBase"]
[SourceQuality "1"]
[TimeControl "300+2"]

1. e4 e5 2. Nf3 Nc6 3. Bb5 a6 4. Ba4 Nf6 5. O-O Be7 6. Re1 d6 7. c3 O-O 8. h3 Nd7 9. d4 Bf6 10. Be3 b5 {[%emt 0:00:55] C87: Closed Ruy Lopez: Steinitz-type lines after 6 Re1 d6.} 11. Bc2 {[%emt 0:00:17] [#]} exd4 $146 ({Predecessor:} 11... Nb6 12. Nbd2 Re8 13. d5 Ne7 14. b3 c5 15. a4 Bd7 16. Bd3 Ng6 17. Bf1 Qc7 18. g3 {1-0 (76) Adams,M (2720)-Davies,N (2521) Birmingham 2006}) 12. cxd4 Nb4 {[%emt 0:00:01] White has an edge.} 13. Bb3 c5 14. a3 Nc6 15. Nc3 c4 (15... Bb7 $11) 16. Bc2 $16 g6 (16... Re8 $142) 17. Nd5 $36 {[%emt 0:00:09][%mdl 2048] White is really pushing.} Bg7 18. Bg5 {[%emt 0:00:00] Inhibits Ne7. White is more active.} f6 19. Bf4 Ndb8 (19... Ne7 $16 {might work better.}) 20. b3 $18 cxb3 21. Bxb3 Kh8 22. Rc1 {[%emt 0:00:03] And now e5 would win.} Ra7 23. Qd2 {[%emt 0:00:07] aiming for e5.} Be6 24. Ba2 Bg8 25. Rc2 Ne7 (25... Rb7 $142 26. Bg3 Qd7) 26. Qb4 {[%emt 0:00:52] Nxe7 is the strong threat.} Rd7 27. Nxe7 Qxe7 28. Bxg8 Rxg8 29. d5 Re8 30. Nd4 f5 31. Ne6 fxe4 32. Rxe4 Qf6 (32... Be5 $142 33. Bg5 Qf7) 33. Bxd6 Qf5 34. Nxg7 Qxe4 35. Nxe8 Qxe8 36. Qd4+ (36. Qc3+ $142 Kg8 37. Qf6 Rxd6 38. Qxd6) 36... Kg8 37. Bb4 {[%emt 0:00:03] Hoping for Bc3.} h5 38. Bc3 {[%emt 0:00:04] Threatening mate with Qh8+.} Kh7 {[%emt 0:00:01] [#] Against Qh8+} 39. Re2 $3 Qg8 40. Qf6 {[%emt 0:00:09] White threatens Re7+ and mate.} Rf7 41. Re7 Rxe7 42. Qxe7+ Kh6 43. Bd2+ g5 44. h4 Qxd5 45. Bxg5+ (45. hxg5+ $142 Kg6 46. Qf6+ Kh7 47. Qh6+ Kg8 48. Qg6+ Kh8 49. Bc3+ Qe5 50. Bxe5#) 45... Kg6 46. Qe8+ {[%emt 0:00:01] Black did not feel at home in the position after the opening.  Weighted Error Value: White=0.16 (very precise) /Black=0.53} 1-0